 Dungeon Crawl Stone Soup version 0.32-a0-834-geaf45d8e21 (webtiles) character file.

Game seed: 3976963686631153034

25 croobank the Grasshopper (level 2, 0/22 HPs)
             Began as a Demonspawn Warper on Mar 25, 2024.
             Slain by an adder (4 damage)
             ... on level 2 of the Dungeon.
             The game lasted 00:04:10 (906 turns).

croobank the Grasshopper (Demonspawn Warper)         Turns: 906, Time: 00:04:10

Health: 0/22       AC:  3    Str: 11    XL:     2   Next: 86%
Magic:  5/5        EV: 10    Int: 13    God:
Gold:   48         SH:  0    Dex: 12    Spells: 5/5 levels left

rFire   . . .        a - +0 short sword
rCold   . . .        (no shield)
rNeg    . . .        b - +0 leather armour
rPois   .            (helmet restricted)
rElec   .            (no cloak)
rCorr   .            (no gloves)
SInv    .            (no boots)
Will    .....        (no amulet)
Stlth   +            (no ring)
HPRegen 0.23/turn    (no ring)
MPRegen 0.09/turn

%: no passive effects
@: no status effects
A: antennae 1
a: no special abilities


You were on level 2 of the Dungeon.
You visited 1 branch of the dungeon, and saw 2 of its levels.

You collected 48 gold pieces.

Inventory:

Hand Weapons
 a - a +0 short sword (weapon)
Missiles
 m - 4 datura-tipped darts
Armour
 b - a +0 leather armour (worn)
Magical Staves
 g - a staff of conjuration
 j - a staff of death
Scrolls
 c - a scroll of blinking
 e - a scroll of silence {unknown}
 f - a scroll of identify
 h - a scroll of revelation {unknown}
 k - 2 scrolls of fear {unknown}
 l - 2 scrolls of teleportation {unknown}
Potions
 i - a potion of curing
 n - a potion of mutation


   Skills:
 + Level 2.3 Fighting
 + Level 2.1 Short Blades
 + Level 1.1 Throwing
 + Level 1.2 Armour
 + Level 1.9 Dodging
 + Level 2.2 Spellcasting
 + Level 2.8 Translocations


You had 5 spell levels left.
You didn't know any spells.
Your spell library contained the following spells:

 Spells                   Type           Power      Damage    Failure   Level
 Blink                    Tloc           16%        N/A       16%         2
 Lesser Beckoning         Tloc           16%        N/A       16%         2
 Momentum Strike          Conj/Tloc      10%        3d8       28%         2
 Teleport Other           Tloc           8%         N/A       30%         3
 Manifold Assault         Tloc           8%         N/A       71%         4
 Vhi's Electric Charge    Tloc/Air       10%        N/A       88%         4


Dungeon Overview and Level Annotations

Branches:
Dungeon (2/15)

Altars:


Innate Abilities, Weirdness & Mutations

You have a pair of small antennae on your head.


Message History

The adder poisons you!
Throw: 3 darts (disperse)
Press: ? - help, Q - select action, (/) - cycle Shift-Dir - straight line, f/p - adder
Aim: an adder (heavily wounded, 32% to hit)
You throw a dart of dispersal.
The dart of dispersal closely misses the adder.
You feel sick. The adder bites you but does no damage.
The adder barely misses you.
Throw: 2 darts (disperse)
Press: ? - help, Q - select action, (/) - cycle Shift-Dir - straight line, f/p - adder
Aim: an adder (heavily wounded, 32% to hit)
You throw a dart of dispersal. The dart of dispersal hits the adder.
The adder blinks!
You feel sick.
You feel sick.
You feel sick.
You feel sick.
You feel sick.
You are no longer poisoned.
Okay, then.
Throw: dart (disperse)
Press: ? - help, Q - select action, (/) - cycle Shift-Dir - straight line, f/p - adder
Aim: an adder (moderately wounded, 32% to hit)
You throw a dart of dispersal. The dart of dispersal hits the adder.
The adder blinks!
The adder is moderately wounded.
You hit the adder.
The adder is heavily wounded.
The adder bites you.
* * * LOW HITPOINT WARNING * * *
You miss the adder.
The adder is heavily wounded.
The adder misses you.
You hit the adder but do no damage.
The adder is heavily wounded.
The adder bites you but does no damage.
You hit the adder.
The adder is severely wounded.
The adder bites you.
You die...

# ###...####.............#
########...###.#.######.#.##
............##.#.# .#.#
.......†#...##.#.# #
........#...##.#.#
........#...##.#.#
........#......#.#
.......##.#...##.# .......
#....@S..# ####)##
######..## ##.... ...###
##...# ###.# .. ...


You could see an adder.

Vanquished Creatures
  2 dart slugs
  An endoplasm (D:1)
  2 goblins
  2 hobgoblins (D:1)
  3 jackals (D:1)
  2 kobolds (D:1)
  2 quokkas (D:1)
  A ball python (D:1)
  A bat (D:1)
  3 frilled lizards
19 creatures vanquished.

Notes
Turn   | Place    | Note
-------+----------+-------------------------------------------
     0 | D:1      | croobank the Demonspawn Warper began the quest for the Orb.
     0 | D:1      | Reached XP level 1. HP: 16/16 MP: 3/3
    87 | D:1      | Reached skill level 1 in Armour
   203 | D:1      | Reached skill level 1 in Throwing
   219 | D:1      | Gained mutation: You have a pair of small antennae on your
                  | head. [demonic ancestry]
   219 | D:1      | Reached XP level 2. HP: 8/22 MP: 5/5
   906 | D:2      | Slain by an adder

Illustrated notes

Levels and vault maps discovered:
D:1:      heliophobic_arrival_ceremonial_halls, layout_loops_cross
D:2:      layout_basic, shapermc_ecumenical_altar_ellora

Skill      XL: |  1  2 |
---------------+-------+-----
Armour         | 1 |  1.2
Throwing       | 1 |  1.1
Short Blades   | 2 |  2.1
Fighting       | |  2.3
Dodging        | |  1.9
Spellcasting   | |  2.2
Translocations | |  2.8

Action                     || total
---------------------------++-------
  Melee: Short sword       ||    89
  Throw: Dart              ||     7
    Use: Scroll            ||     2
         Potion            ||     1
 Armour: Leather armour    ||    55
  Dodge: Dodged            ||    48

Table legend: (Time is in decaauts)
 A = Elapsed time spent in this place.
 B = Non-inter-level travel time spent in this place.
 C = Inter-level travel time spent in this place.
 D = Time resting spent in this place.
 E = Time spent auto-exploring this place.
 F = Levels seen in this place.
 G = Mean time per level.
                   A        B        C        D        E       F      G
               +--------+--------+--------+--------+--------+-----+--------+
         Total |    896 |    857 |     39 |     76 |    571 |   2 |  448.0 |
       Dungeon |    896 |    857 |     39 |     76 |    571 |   2 |  448.0 |
               +--------+--------+--------+--------+--------+-----+--------+

Top non-repeatable levels by time:
     D:1: 801 daAuts
     D:2: 95 daAuts
